AoeStats
← 大王同学

QS Arena

503553688Analyzed
4v4 RM · 1mo ago on Sep 1, 2026· 60m 4s· 8 players
Game mode
Random Map
Map size
Large (8 player)
Population
200
Speed
Normal
Resources
Standard
Victory
Conquest
Starting age
Dark Age
Ending age
Imperial Age
RankedLock teamsTeams togetherTeam positionsShared explorationLock speedFull tech treeHidden civsTurbo modeCheats
Victory
Defeat
🇭🇰 Persians · Hong Kong SAR China
1300
+15
🇮🇳 Britons · India
1279
+16
🇨🇳 Franks · China
1255
+17
🇹🇷 Spanish · Türkiye
1234
+18
🇨🇳 Bohemians · China
1407
-22
🇺🇸 Tupi · United States
1302
-18
1224
-14
🇵🇪 Lithuanians · Peru
1173
-12
chakar
8:19 Feudal Age
12:06 Castle Age
10:48 Double-Bit Axe
10:45 Horse Collar
17:43 Bow Saw
18:09 Heavy Plow
19:35 Wheelbarrow
20:34 Hand Cart
23:06 Gold Mining
27:20 Imperial Age
25:26 Loom
26:34 Stone Mining
26:45 Padded Archer Armor
26:37 Fletching
26:53 Scale Barding Armor
26:58 Forging
27:49 Bloodlines
27:40 Husbandry
28:18 Ballistics
28:09 Masonry
27:26 Elite Conquistador
28:56 Conscription
28:34 Town Watch
29:39 Leather Archer Armor
30:35 Chemistry
29:37 Bodkin Arrow
30:05 Light Cavalry
31:16 Ring Archer Armor
32:47 Bracer
34:28 Hussar
35:29 Chain Barding Armor
35:45 Iron Casting
36:46 Two-Man Saw
42:42 Plate Barding Armor
43:08 Blast Furnace
大王同学
5:35 Loom
一梦千年
0:30 Loom
8:18 Feudal Age
13:36 Castle Age
12:46 Double-Bit Axe
15:26 Bow Saw
22:31 Wheelbarrow
26:00 Scale Barding Armor
26:06 Forging
28:30 Imperial Age
27:55 Chain Barding Armor
28:41 Iron Casting
29:55 Hand Cart
29:27 Town Watch
29:28 Loom
30:21 Plate Barding Armor
30:30 Fortified Wall
30:18 Murder Holes
29:50 Cavalier
30:30 Husbandry
31:56 Conscription
32:27 Gold Mining
33:41 Blast Furnace
34:05 Paladin
35:31 Gold Shaft Mining
38:12 Chemistry
38:19 Capped Ram
42:07 Fletching
42:17 Padded Archer Armor
43:03 Elite Skirmisher
44:25 Bodkin Arrow
44:46 Leather Archer Armor
45:24 Elite Throwing Axeman
45:57 Pikeman
46:22 Gambesons
46:37 Squires
46:23 Arson
48:32 Onager
55:27 Siege Engineers
55:22 Halberdier
Vu_PY
8:05 Feudal Age
12:08 Castle Age
10:03 Double-Bit Axe
10:29 Horse Collar
13:52 Bow Saw
20:08 Wheelbarrow
22:27 Gold Mining
26:31 Imperial Age
24:32 Loom
25:11 Fletching
25:22 Padded Archer Armor
25:34 Fortified Wall
26:20 Bodkin Arrow
26:46 Ballistics
27:14 Leather Archer Armor
27:59 Conscription
27:40 Bracer
28:42 Chemistry
29:09 Two-Man Saw
28:42 Ring Archer Armor
28:13 Elite Longbowman
30:08 Yeomen
30:37 Scale Mail Armor
30:48 Forging
29:59 Pikeman
30:40 Squires
30:26 Gambesons
32:38 Chain Mail Armor
32:59 Iron Casting
31:46 Halberdier
34:11 Plate Mail Armor
33:12 Capped Ram
36:32 Blast Furnace
34:54 Man-at-Arms
35:44 Long Swordsman
36:29 Long Swordsman
37:23 Two-Handed Swordsman
38:17 Champion
41:38 Hand Cart
41:37 Town Watch
48:14 Stone Mining
49:00 Gold Shaft Mining
48:27 Heavy Plow
49:51 Caravan
50:23 Coinage
51:01 Hoardings
50:38 Masonry
Polestar
7:58 Feudal Age
8:58 Loom
13:14 Castle Age
11:03 Double-Bit Axe
10:59 Horse Collar
14:05 Fletching
14:42 Bodkin Arrow
19:54 Ballistics
22:34 Padded Archer Armor
26:44 Bow Saw
26:35 Heavy Plow
26:26 Gold Mining
27:47 Leather Archer Armor
32:51 Imperial Age
30:27 Stone Mining
31:42 Wheelbarrow
32:37 Gold Shaft Mining
33:43 Curare
33:40 Bracer
34:51 Chemistry
35:23 Hand Cart
35:32 Conscription
35:46 Ring Archer Armor
36:46 Elite Blackwood Archer
42:29 Pikeman
43:50 Forging
43:40 Scale Mail Armor
50:50 Halberdier
52:23 Squires
53:00 Iron Casting
52:40 Chain Mail Armor
53:48 Elite Ibirapema Warrior
55:49 Chain Mail Armor
57:29 Caravan
58:55 Plate Mail Armor
Perdoname por ser Noob
6:58 Loom
9:15 Feudal Age
14:02 Fletching
24:06 Double-Bit Axe
24:58 Horse Collar
26:11 Wheelbarrow
29:22 Castle Age
27:55 Gold Mining
28:23 Town Watch
33:35 Bow Saw
37:16 Forging
37:07 Scale Mail Armor
37:28 Pikeman
38:08 Squires
37:53 Arson
44:26 Imperial Age
45:02 Iron Casting
44:42 Chain Mail Armor
47:56 Bodkin Arrow
48:01 Padded Archer Armor
50:02 Chemistry
49:24 Ballistics
48:26 Crossbowman
49:24 Bracer
49:40 Leather Archer Armor
49:41 Elite Fire Lancer
53:51 Scale Barding Armor
54:17 Ring Archer Armor
54:20 Heavy Plow
54:33 Bloodlines
54:23 Husbandry
55:16 Husbandry
57:50 Chain Barding Armor
58:28 Elite Skirmisher
60:45 Plate Barding Armor
Carlongas
8:14 Feudal Age
12:50 Castle Age
10:46 Double-Bit Axe
10:42 Horse Collar
11:24 Gold Mining
13:48 Bow Saw
16:08 Heavy Plow
17:20 Loom
19:06 Forging
21:26 Husbandry
21:44 Bloodlines
22:56 Iron Casting
23:17 Scale Barding Armor
24:55 Loom
25:50 Wheelbarrow
26:00 Chain Barding Armor
27:11 Hand Cart
27:48 Stone Mining
31:10 Imperial Age
28:56 Town Watch
29:35 Fletching
29:45 Padded Archer Armor
30:42 Treadmill Crane
31:25 Ballistics
31:19 Cavalier
32:35 Plate Barding Armor
33:12 Conscription
33:11 Leather Archer Armor
33:48 Tower Shields
33:45 Bodkin Arrow
33:51 Scale Mail Armor
33:52 Squires
33:13 Pikeman
35:16 Ring Archer Armor
34:50 Hill Forts
35:26 Hoardings
35:54 Chemistry
36:03 Two-Man Saw
34:42 Light Cavalry
35:37 Paladin
37:10 Stone Shaft Mining
37:28 Bracer
37:44 Chain Mail Armor
36:51 Winged Hussar
37:38 Elite Skirmisher
38:17 Murder Holes
38:53 Imperial Skirmisher
40:19 Crop Rotation
42:07 Halberdier
42:33 Arson
超级硬邦邦
8:20 Feudal Age
10:04 Loom
12:30 Castle Age
11:15 Double-Bit Axe
11:13 Horse Collar
11:27 Loom
13:52 Wheelbarrow
13:59 Bow Saw
16:49 Fervor
23:26 Sanctity
24:23 Heavy Plow
28:06 Imperial Age
25:25 Town Watch
26:04 Ballistics
25:09 Elite Skirmisher
25:41 Fletching
25:52 Padded Archer Armor
27:27 Chemistry
26:40 Fortified Wall
27:26 Hand Cart
27:34 Leather Archer Armor
28:27 Guard Tower
28:18 Treadmill Crane
28:49 Masonry
29:15 Conscription
28:23 Imperial Skirmisher
29:01 Bodkin Arrow
29:42 Ring Archer Armor
29:53 Bracer
31:07 Keep
30:55 Siege Engineers
33:31 Two-Man Saw
32:36 Houfnice
41:07 Coinage
41:52 Banking
41:32 Guilds
42:03 Wagenburg Tactics
46:37 Forging
46:28 Scale Mail Armor
46:39 Squires
45:59 Pikeman
48:38 Halberdier
Connection lost

Rejoining the realm…

Still unreachable

The connection could not be restored.

Session expired

The server has moved on; the page needs a fresh start.